 Dungeon Crawl Stone Soup version 0.32-a0-534-ga61f84b8bd (webtiles) character file.

Game seed: 8581945356051934952

1726 Essalna the Firebug (level 9, -4/52 HPs)
             Began as a Gargoyle Fire Elementalist on Feb 28, 2024.
             Killed from afar by Maggie (13 damage)
             ... with a bolt of fire
             ... on level 6 of the Dungeon.
             The game lasted 00:14:28 (7221 turns).

Essalna the Firebug (Gargoyle Fire Elementalist)    Turns: 7221, Time: 00:14:29

Health: -4/52      AC: 14    Str: 13    XL:     9   Next: 4%
Magic:  1/17       EV: 12    Int: 19    God:
Gold:   376        SH:  0    Dex: 10    Spells: 12/19 levels left

rFire   . . .        q - +2 quarterstaff (chaos)
rCold   + . .        (shield currently unavailable)
rNeg    + . .        a - +0 robe
rPois   ∞            c - +1 helmet
rElec   +            b - +1 cloak
rCorr   .            (no gloves)
SInv    .            r - +0 pair of boots
Will    .....        (no amulet)
Stlth   ++           i - ring of protection from cold
HPRegen 0.28/turn    (no ring)
MPRegen 0.15/turn

%: no passive effects
@: about to teleport, attractive, mesmerised
A: sickness immunity, AC +6, negative energy resistance 1, electricity
resistance, torment resistance 1, petrification resistance
a: no special abilities


You were on level 6 of the Dungeon.
You visited 2 branches of the dungeon, and saw 7 of its levels.

You collected 376 gold pieces.

Inventory:

Hand Weapons
 q - a +2 quarterstaff of chaos (weapon)
Armour
 a - a +0 robe (worn)
 b - a +1 cloak (worn)
 c - a +1 helmet (worn)
 r - a +0 pair of boots (worn)
Jewellery
 i - a ring of protection from cold (left hand)
 x - a ring of ice
Wands
 w - a wand of charming (24)
Scrolls
 f - 3 scrolls of blinking
 g - a scroll of enchant weapon {unknown}
 m - 5 scrolls of identify
 n - a scroll of enchant armour
 p - 2 scrolls of revelation {unknown}
 s - 2 scrolls of amnesia {unknown}
 t - a scroll of torment {unknown}
Potions
 d - 3 potions of heal wounds {unknown}
 e - a potion of might {unknown}
 h - 3 potions of attraction
 j - 3 potions of curing {unknown}
 l - a potion of berserk rage {unknown}
 o - a potion of mutation {unknown}
 u - a potion of invisibility {unknown}
 v - a potion of cancellation {unknown}


   Skills:
 + Level 3.9 Fighting
 + Level 3.9 Armour
 + Level 3.5 Dodging
 - Level 2.1 Stealth
 + Level 5.5 Spellcasting
 - Level 4.5 Conjurations
 + Level 6.4 Fire Magic


You had 12 spell levels left.
You knew the following spells:

 Your Spells              Type           Power      Damage    Failure   Level
a - Foxfire               Conj/Fire      100%       2x1d9     1%          1
b - Scorch                Fire           58%        2d7       1%          2
c - Flame Wave            Conj/Fire      26%        2d8       12%         4

Your spell library contained the following spells:

 Spells                   Type           Power      Damage    Failure   Level
 Inner Flame              Hex/Fire       17%        N/A       10%         3
 Volatile Blastmotes      Fire/Tloc      34%        2d12      10%         3
 Apportation              Tloc           10%        N/A       12%         1
 Hailstorm                Conj/Ice       13%        3d6       14%         3
 Ensorcelled Hibernation  Hex/Ice        10%        N/A       19%         2
 Jinxbite                 Hex            10%        N/A       19%         2
 Frozen Ramparts          Ice            10%        1d2       34%         3
 Fugue of the Fallen      Necr           5%         N/A       34%         3
 Ozocubu's Armour         Ice            5%         N/A       34%         3
 Passwall                 Erth           5%         N/A       34%         3
 Summon Ice Beast         Ice/Summ       5%         N/A       34%         3
 Swiftness                Air            5%         N/A       34%         3
 Leda's Liquefaction      Alch/Erth      2%         N/A       75%         4
 Manifold Assault         Tloc           5%         N/A       75%         4
 Petrify                  Alch/Erth      5%         N/A       75%         4
 Alistair's Intoxication  Alch           3%         N/A       97%         5
 Metabolic Englaciation   Hex/Ice        2%         N/A       97%         5
 Sculpt Simulacrum        Ice/Alch       2%         N/A       100%        6


Dungeon Overview and Level Annotations

Branches:
Dungeon (6/15)             Temple (1/1) D:5

Altars:
Ashenzari
Cheibriados
Elyvilon
Gozag
Hepliaklqana
Kikubaaqudgha
Makhleb
Okawaru
Qazlal
Trog
Uskayaw
Wu Jian
Xom
Yredelemnul
Zin
The Shining One

Shops:
D:2 *   D:5 (

Annotations:
D:6 Maggie


Innate Abilities, Weirdness & Mutations

You are immune to sickness and miasma.
Your stone body is resilient. (AC +6)
You are immune to poison.
You resist negative energy. (rN+)
You are resistant to electric shocks. (rElec)
You are resistant to unholy torment.
You are immune to petrification.


Message History

Maggie casts a spell.
Maggie draws you further into her thrall.
Your magical contamination has completely faded away.
Casting: Scorch (safe; 1% risk of failure)
Confirm with . or Enter, or press ? or * to list all spells.
Flames lash Maggie but do no damage.
Maggie gestures at you while chanting. The bolt of fire hits you!!
* * * LOW HITPOINT WARNING * * *
Blink to where?
Press: ? - help, Dir - move target, f - you
Okay, then.
Unknown command.
Unknown command.
Okay, then.
Unknown command.
Okay, then.
Unknown command.
Unknown command.
Okay, then.
Maggie misses you.
Blink to where?
Press: ? - help, Dir - move target You cannot blink away from Maggie!
Blink to where?
Press: ? - help, Dir - move target
There is a wall there.
Okay, then.
Unknown command.
Unknown command.
As you read the scroll of teleportation, it crumbles to dust.
You feel strangely unstable.
Maggie hits you with the +9 lance "Wyrmbane".
* * * LOW HITPOINT WARNING * * *
You cannot move away from Maggie!
It was a potion of attraction.
You feel attractive to monsters. Maggie casts a spell at you.
The bolt of fire hits you!
You die...

.# #......#. #).
#..?..... ##.. .#
#......#. ### .$
#........ . .
#.>...... ..
...###....@..#
....# #.#.##.##
.....# .#
#.#.#.@.# .. ..#
#.#.#.#.#@..#
###.# ..#
..#...#..#
...##...#
.#...####
....#...# .#...##
.....# # # #.#.#.#
#....#.# #.#.#.#.#
###
##...#.#.#.#.#[#.#
~~P~ #.###.#
..#)..########
§#...##...#...#
.....


You could see Maggie (mesmerising, combustible).

Vanquished Creatures
  Grinder (D:5)
  Prince Ribbit (D:6)
  Menkaure (D:6)
  A water moccasin (D:5)
  Duvessa (D:5)
  An orc warrior (D:6)
  A black bear (D:4)
  Blork the orc (D:4)
  A scorpion (D:6)
  Dowan (D:5)
  5 hounds
  2 jellies
  5 orc priests
  Crazy Yiuf (D:2)
  An iguana (D:5)
  2 orc wizards
  4 gnolls (D:5)
  8 adders
  4 dart slugs
  4 ribbon worms
  16 orcs
  5 bats
  7 endoplasms
  7 giant cockroaches
  9 goblins
  5 hobgoblins
  6 kobolds
  3 quokkas
  13 ball pythons
  5 frilled lizards
  10 rats
132 creatures vanquished.

Vanquished Creatures (collateral kills)
  A foxfire (D:6)
1 creature vanquished.

Vanquished Creatures (others)
  516 foxfires
516 creatures vanquished.

Grand Total: 649 creatures vanquished

Notes
Turn   | Place    | Note
-------+----------+-------------------------------------------
     0 | D:1      | Essalna the Gargoyle Fire Elementalist began the quest for
                  | the Orb.
     0 | D:1      | Reached XP level 1. HP: 10/10 MP: 3/3
   281 | D:1      | Reached XP level 2. HP: 15/15 MP: 3/5
  1030 | D:1      | Reached XP level 3. HP: 19/19 MP: 2/6
  1492 | D:2      | Found Jail's Assorted Antiques.
  1792 | D:2      | Found a faded altar of an unknown god.
  2015 | D:2      | Learned a level 2 spell: Scorch
  2239 | D:2      | Reached XP level 4. HP: 24/24 MP: 2/8
  2443 | D:2      | Found a runed translucent door.
  2444 | D:2      | Noticed Crazy Yiuf
  3015 | D:2      | Killed Crazy Yiuf
  3016 | D:2      | Reached skill level 4 in Fire Magic
  3016 | D:2      | Reached XP level 5. HP: 6/28 MP: 1/9
  3155 | D:3      | Found an opulent altar of Gozag.
  3807 | D:3      | Reached XP level 6. HP: 22/32 MP: 9/11
  4000 | D:3      | You fall into a shaft and drop 1 floor!
  4006 | D:4      | Noticed a black bear
  4011 | D:4      | Killed a black bear
  4674 | D:4      | Noticed Blork the orc
  4684 | D:4      | Killed Blork the orc
  4685 | D:4      | Reached skill level 5 in Fire Magic
  4685 | D:4      | Reached XP level 7. HP: 36/36 MP: 3/13
  5360 | D:5      | Entered Level 5 of the Dungeon
  5653 | D:5      | Reached skill level 1 in Fighting
  5653 | D:5      | Reached skill level 1 in Armour
  5930 | D:5      | Found Pecworenk's Antique Weapon Emporium.
  6050 | D:5      | Found a staircase to the Ecumenical Temple.
  6062 | Temple   | Entered the Ecumenical Temple
  6289 | D:5      | Noticed Duvessa
  6293 | D:5      | Noticed Dowan
  6490 | D:5      | Noticed Grinder
  6511 | D:5      | Killed Grinder
  6512 | D:5      | Reached XP level 8. HP: 45/45 MP: 5/15
  6561 | D:5      | Killed Duvessa
  6562 | D:5      | Reached skill level 5 in Spellcasting
  6564 | D:5      | Killed Dowan
  6802 | D:6      | Reached skill level 6 in Fire Magic
  6957 | D:6      | Noticed Menkaure
  6962 | D:6      | Killed Menkaure
  7076 | D:6      | Noticed Prince Ribbit
  7087 | D:6      | Killed Prince Ribbit
  7088 | D:6      | Reached XP level 9. HP: 36/52 MP: 5/17
  7186 | D:6      | Learned a level 4 spell: Flame Wave
  7205 | D:6      | Noticed Maggie
  7221 | D:6      | Killed from afar by Maggie

Illustrated notes

Levels and vault maps discovered:
D:1:      ebering_trefoil_twist, layout_basic
D:2:      layout_basic, chequers_ecumenical_altar_simple, serial_shops,
          nicolae_shop_crystal, minmay_joined_circles, uniq_crazy_yiuf_cottage
D:3:      layout_loops_corners, mainiacjoe_overflow_catwalk,
          mainiacjoe_overflow_swirl
D:4:      minmay_general_purpose_star, layout_loops_ring, bh_walls_and_bars,
          uniq_blork_the_orc
D:5:      layout_loops_ring, minmay_temple_entry_proselytizer, serial_shops,
          nicolae_shop_rolling_square, hangedman_glass_teeth, uniq_grinder,
          uniq_duvessa
D:6:      nicolae_BIG_FREAKIN_CUBE, layout_loops_cross,
          mainiacjoe_overflow_chevrons, serial_aquarium, aquarium_bridge_square
          [aquarium_subvault_wall, aquarium_subvault_wall,
          aquarium_subvault_bridge, aquarium_subvault_bridge],
          aquarium_window_2, aquarium_window_fake, aquarium_window_2,
          aquarium_window_1, aquarium_view_2e, aquarium_balcony_5b,
          kennysheep_flooded_box, ebering_dispersal_statue_hall,
          minmay_shop_grid_forest, chequers_serial_rivers_marsh,
          uniq_prince_ribbit1, uniq_menkaure, uniq_maggie
Temple:   minmay_freezing_vapour_temple

Skill      XL: |  1  2  3  4  5  6  7  8 |
---------------+-------------------------+-----
Conjurations   | 2 3 4 |  4.5
Spellcasting   | 3 4 5 |  5.5
Fire Magic     | 4 5 6 |  6.4
Fighting       | 2 3 |  3.9
Armour         | 2 3 |  3.9
Dodging        | 2 3 |  3.5
Stealth        | |  2.1

Action                     |  1- 3 |  4- 6 |  7- 9 || total
---------------------------+-------+-------+-------++-------
  Melee: Unarmed           |    30 |    19 |       ||    49
         Punch             |     1 |     1 |       ||     2
         Quarterstaff      |       |    37 |    55 ||    92
   Cast: Foxfire           |   104 |   121 |   102 ||   327
         Scorch            |       |     8 |    19 ||    27
    Use: Scroll            |       |     2 |     3 ||     5
         Potion            |       |     1 |     1 ||     2
   Stab: Sleeping          |     1 |     2 |       ||     3
         Paralysed         |       |       |     1 ||     1
 Armour: Robe              |    19 |    55 |    75 ||   149
  Dodge: Dodged            |    22 |    34 |    70 ||   126
         Repelled          |       |       |     2 ||     2

Table legend: (Time is in decaauts)
 A = Elapsed time spent in this place.
 B = Non-inter-level travel time spent in this place.
 C = Inter-level travel time spent in this place.
 D = Time resting spent in this place.
 E = Time spent auto-exploring this place.
 F = Levels seen in this place.
 G = Mean time per level.
                   A        B        C        D        E       F      G
               +--------+--------+--------+--------+--------+-----+--------+
         Total |   7249 |   7040 |    209 |      0 |   6056 |   7 | 1035.6 |
       Dungeon |   7247 |   7038 |    209 |      0 |   6056 |   6 | 1207.8 |
        Temple |      1 |      1 |      0 |      0 |      0 |   1 |    1.0 |
               +--------+--------+--------+--------+--------+-----+--------+

Top non-repeatable levels by time:
     D:2: 1709 daAuts
     D:1: 1442 daAuts
     D:5: 1418 daAuts
     D:4: 1368 daAuts
     D:3: 853 daAuts
     D:6: 454 daAuts
  Temple: 1 daAuts
